 Dungeon Crawl Stone Soup version 0.27-a0-1123-g2f9bb313c0 (webtiles) character file.

Game seed: 14051843624075862880

210 Lanoc the Slasher (level 5, -1/37 HPs)
             Began as an Octopode Monk on May 3, 2021.
             Slain by an endoplasm (2 damage)
             ... on level 4 of the Dungeon.
             The game lasted 00:01:34 (1525 turns).

Lanoc the Slasher (Octopode Monk)                   Turns: 1525, Time: 00:01:35

Health: -1/37      AC:  1    Str: 10    XL:     5   Next: 87%
Magic:  5/5        EV: 14    Int: 12    God:
Gold:   39         SH:  0    Dex: 16    Spells: 4/4 levels left

rFire    . . .     SeeInvis .   a - +0 falchion
rCold    . . .     Faith    .   (no shield)
rNeg     . . .     Spirit   .   (helmet restricted)
rPois    .         Reflect  .   (no amulet)
rElec    .         Harm     .   (no ring)
rCorr    .         Rampage  .   (no ring)
Will     .....                  (no ring)
Stlth    +++.......             (no ring)
HPRegen  0.12/turn              (no ring)
MPRegen  0.09/turn              (no ring)
                                (no ring)
                                (no ring)

@: no status effects
A: almost no armour, amphibious, 8 rings, camouflage 1, gelatinous body 1,
(nimble swimmer 1), tentacles
a: no special abilities


You were on level 4 of the Dungeon.
You visited 1 branch of the dungeon, and saw 4 of its levels.

You collected 39 gold pieces.

Inventory:

Hand Weapons
 a - a +0 falchion (weapon)
Scrolls
 b - 2 scrolls of enchant armour {unknown}
 c - 4 scrolls of teleportation {unknown}
 d - a scroll of blinking {unknown}
 e - a scroll of immolation {unknown}
Potions
 f - a potion of invisibility {unknown}


   Skills:
 + Level 4.0 Fighting
 * Level 5.0 Long Blades
 + Level 4.0 Dodging
 - Level 2.6 Stealth


You had 4 spell levels left.
You didn't know any spells.
Your spell library was empty.

Dungeon Overview and Level Annotations

Branches:
Dungeon (4/15)
 Temple: D:4-7

Altars:

Annotations:
D:4 Eustachio


Innate Abilities, Weirdness & Mutations

You cannot wear most types of armour.
You are amphibious.
You can wear up to eight rings at the same time.
Your skin changes colour to match your surroundings (Stealth+).
Your rubbery body absorbs attacks. (AC +1, EV +1)
((You are camouflaged near water. (Stealth+)))
You have tentacles for arms and can constrict up to eight enemies at once.


Message History

The centaur skeleton is heavily damaged.
The centaur skeleton closely misses you.
You completely miss the centaur skeleton.
You squeeze the centaur skeleton.
The centaur skeleton is heavily damaged.
The centaur skeleton hits you. The centaur skeleton kicks you.
You hit the centaur skeleton.
The centaur skeleton is severely damaged.
The centaur skeleton hits you.
The centaur skeleton barely misses you. x2
You riposte.
You hit the centaur skeleton. You squeeze the centaur skeleton.
The centaur skeleton is almost destroyed.
The centaur skeleton closely misses you.
You slash the centaur skeleton!
You destroy the centaur skeleton!
Your Fighting skill increases to level 4!
Your Long Blades skill increases to level 5!
A hobgoblin comes into view.
Eustachio shouts!
The hobgoblin shouts!
Eustachio gestures wildly while chanting.
Eustachio blinks!
The endoplasm quivers.
An adder comes into view.
The adder moves out of view.
A hound comes into view.
The hobgoblin hits you.
* * * LOW HITPOINT WARNING * * *
The hound barks!
You hit the hobgoblin. You grab the hobgoblin.
The hobgoblin is moderately wounded.
You constrict the hobgoblin.
Eustachio casts a spell.
Eustachio blinks!
The hobgoblin hits you.
* * * LOW HITPOINT WARNING * * *
You release your grip on the hobgoblin.
The endoplasm freezes you.
You are frozen.
* * * LOW HITPOINT WARNING * * *
There is a stone staircase leading up here.
The endoplasm hits you.
You die...

..#........###...
.).........#...#
#...........#.#
#...#........##
###.#..##......#...
##.#.@..............
#...................
##......h........... .
#....##.J@.....(....
....###....g...........
...............#.......
.......##....###.......
......# #....# #......
...... ....## .....
...S. ......# ### .....
......... ....
###........


You could see Eustachio, a hound, an endoplasm and a hobgoblin.

Vanquished Creatures
  A necrophage (D:4)
  A centaur skeleton (D:4)
  An orc priest (D:3)
  3 adders (D:3)
  A worm (D:3)
  6 orcs (D:3)
  2 bats
  2 endoplasms (D:3)
  2 giant cockroaches (D:3)
  3 goblins
  3 ball pythons (D:3)
  2 frilled lizards
  2 kobolds
  A rat (D:3)
30 creatures vanquished.

Notes
Turn   | Place    | Note
-------+----------+-------------------------------------------
     0 | D:1      | Lanoc the Octopode Monk began the quest for the Orb.
     0 | D:1      | Reached XP level 1. HP: 16/16 MP: 1/1
   306 | D:3      | Reached XP level 2. HP: 5/21 MP: 2/2
   584 | D:3      | Reached XP level 3. HP: 21/26 MP: 3/3
  1005 | D:3      | Reached skill level 4 in Long Blades
  1005 | D:3      | Reached XP level 4. HP: 31/31 MP: 4/4
  1495 | D:4      | Noticed a necrophage
  1498 | D:4      | Noticed Eustachio
  1509 | D:4      | Killed a necrophage
  1510 | D:4      | Reached XP level 5. HP: 21/37 MP: 5/5
  1514 | D:4      | Reached skill level 5 in Long Blades
  1520 | D:4      | HP: 1/37 [frozen (5)]
  1525 | D:4      | Slain by an endoplasm

Illustrated notes

Levels and vault maps discovered:
D:1:      eino_arrival_cavern_d, layout_basic
D:2:      layout_basic, minmay_misc_feat_encased
D:3:      layout_loops_ring
D:4:      layout_cave_pools, minivault_23, minmay_gold_behind_fungi,
          uniq_menkaure, uniq_eustachio, uniq_pikel

Skill      XL: |  1  2  3  4  5 |
---------------+----------------+-----
Long Blades    | 4 5 |  5.0
Dodging        | 4 |  4.0
Fighting       | 4 |  4.0
Stealth        | |  2.6

Action                   |  1- 3 |  4- 6 || total
-------------------------+-------+-------++-------
Melee: Falchion          |    46 |    26 ||    72
       Constrict         |    13 |     6 ||    19
       Tentacles         |     6 |    11 ||    17
 Stab: Sleeping          |     2 |     1 ||     3
Armor: Skin              |     6 |     3 ||     9
Dodge: Dodged            |    35 |    24 ||    59
       Rpst.: Falchion   |    11 |     7 ||    18

Table legend: (Time is in decaauts)
 A = Elapsed time spent in this place.
 B = Non-inter-level travel time spent in this place.
 C = Inter-level travel time spent in this place.
 D = Time resting spent in this place.
 E = Time spent auto-exploring this place.
 F = Levels seen in this place.
 G = Mean time per level.
                   A        B        C        D        E       F      G
               +--------+--------+--------+--------+--------+-----+--------+
         Total |   1532 |   1495 |     37 |      0 |   1293 |   4 |  383.0 |
       Dungeon |   1532 |   1495 |     37 |      0 |   1293 |   4 |  383.0 |
               +--------+--------+--------+--------+--------+-----+--------+

Top non-repeatable levels by time:
     D:3: 1355 daAuts
     D:2: 81 daAuts
     D:1: 64 daAuts
     D:4: 30 daAuts
